 Dungeon Crawl Stone Soup version 0.16-a0-2038-g968ce0a (webtiles) character file.

162 thegroundistoosoft the Insei (level 5, -5/41 HPs)
             Began as a Mummy Monk on Nov 10, 2014.
             Killed from afar by Natasha (10 damage)
             ... with a magic dart
             ... on level 3 of the Dungeon.
             The game lasted 00:09:25 (3876 turns).

thegroundistoosoft the Insei (Mummy Monk)           Turns: 3876, Time: 00:09:25

Health: -5/41      AC:  0    Str: 14    XL:     5   Next: 19%
Magic:  5/5        EV: 13    Int:  9    God:
Gold:   131        SH:  0    Dex: 15    Spells: 0 memorised, 4 levels left

rFire  x . .     SeeInvis .       - Unarmed
rCold  + . .     Clarity  .     (no armour)
rNeg   + + +     SustAb   .     (no shield)
rPois  +         Gourm    .     (no helmet)
rElec  .         Spirit   .     (no cloak)
rCorr  .         Warding  .     (no gloves)
rMut   .         Stasis   .     (no boots)
MR     .....                    (no amulet)
Stlth  +.........               f - ring of loudness (curse)
                                c - ring of wizardry

@: about to teleport, not resistant to hostile enchantments, very unstealthy
A: no food or potions, fire vulnerability, restore body, cold resistance 1,
negative energy resistance 3, poison resistance, torment resistance, unbreathing
a: no special abilities


You were on level 3 of the Dungeon.
You were not hungry.

You visited 1 branch of the dungeon, and saw 3 of its levels.

You collected 131 gold pieces.


Innate Abilities, Weirdness & Mutations

You do not eat or drink.
Your flesh is vulnerable to fire.
Your flesh is cold resistant.
You are immune to negative energy.
Your system is resistant to poisons.
You are immune to unholy pain and torment.
You can survive without breathing.


   Skills:
 - Level 3.1 Fighting
 - Level 2.4 Dodging
 - Level 1.6 Stealth
 + Level 5.3 Unarmed Combat


You had 4 spell levels left.
You didn't know any spells.

Inventory:

Jewellery
 c - a ring of wizardry (left hand)
 f - a cursed ring of loudness (right hand)
Scrolls
 b - a scroll of blinking {unknown}
 e - a scroll of magic mapping {unknown}
 g - a scroll of identify
Comestibles
 a - 2 fruits (quivered)

Dungeon Overview and Level Annotations

Branches:
Dungeon (3/15)

Altars:

Annotations:
D:3 Natasha, Sigmund

.......# #.....#
..# ##..##.#
#.##### ..#
##..##.# #)# #.##
##..##.# #.# .
##..##.#########)#
#...(.h.§......#.#
..#.##..§§..##.#.#
###.####§##.##.#.#
###.#
#.##.##.#@########.
....#
#.##.##.#..........
#####
#.##.##.h.5........
#.##.#############
#.##.# #.##.#
#.##.# #.#


You could see Natasha and a crimson imp.


Message History

The magic dart hits you!
You see here 24 arrows.
Natasha stares at you.
You feel troubled.
Natasha stares at you and mumbles some strange words.
The ball explodes into a vile cloud!
The stinking cloud engulfs you! Natasha casts a spell at you.
The magic dart hits you!
Natasha casts a spell.
You start resting.
You closely miss Natasha. Natasha claws you!
You barely miss Natasha. Natasha claws you.
* * * LOW HITPOINT WARNING * * *
You hit Natasha but do no damage. Natasha claws you!
* * * LOW HITPOINT WARNING * * *
Read which item? (? for menu, Esc to quit)
Okay, then.
Read which item? (? for menu, Esc to quit)
As you read the scroll labeled TIAGYA TUSCHIUT, it crumbles to dust.
It is a scroll of identify.
Identify which item? (\ to view known items) (? for menu, Esc to quit)
d - a scroll of teleportation Natasha casts a spell.
Read which item? (? for menu, Esc to quit)
As you read the scroll of teleportation, it crumbles to dust.
You feel strangely unstable. Natasha misses you. The crimson imp hits you.
* * * LOW HITPOINT WARNING * * *
Natasha casts a spell at you. The magic dart hits you!
You die...

Action                   |  1- 3 |  4- 6 || total
-------------------------+-------+-------++-------
Melee: Unarmed           |   163 |   112 ||   275
  Use: Scroll            |       |     2 ||     2
 Stab: Sleeping          |     2 |     1 ||     3

Vault maps used:
D:1:      saegor_arrival_simple_d
D:2:      uniq_jessica, uniq_iyjb
D:3:      uniq_terence, uniq_natasha, uniq_sigmund

Notes
Turn   | Place    | Note
--------------------------------------------------------------
     0 | D:1      | thegroundistoosoft, the Mummy Monk, began the quest for the Orb.
     0 | D:1      | Reached XP level 1. HP: 18/18 MP: 1/1
     7 | D:1      | moscheto: de onde cona saira toda esa merda
     7 | D:1      | moscheto: en orc 1
     7 | D:1      | thegroundistoosoft: home
     7 | D:1      | thegroundistoosoft: normalmente sempre hai bastante
     7 | D:1      | thegroundistoosoft: pero confundín ó puto sorcerer
     7 | D:1      | thegroundistoosoft: :<
   251 | D:1      | Reached XP level 2. HP: 10/24 MP: 2/2
   259 | D:1      | HP: 2/24 [ooze (1)]
  1241 | D:1      | Reached skill level 4 in Unarmed Combat
  1319 | D:1      | Reached XP level 3. HP: 29/29 MP: 3/3
  2162 | D:2      | moscheto: o,o
  2173 | D:2      | moscheto: que pasou en orc na outra partida
  2189 | D:2      | moscheto: nunca vira tanta merda xunta ai
  2192 | D:2      | moscheto: xD
  2278 | D:2      | Noticed Jessica
  2284 | D:2      | Killed Jessica
  2284 | D:2      | Reached XP level 4. HP: 27/35 MP: 4/4
  2286 | D:2      | WOMAN WEAK
  2697 | D:2      | Noticed Ijyb
  2727 | D:2      | Killed Ijyb
  2729 | D:2      | SMALL MAN ALSO WEAK
  3199 | D:3      | Reached skill level 5 in Unarmed Combat
  3414 | D:3      | Reached XP level 5. HP: 16/41 MP: 5/5
  3608 | D:3      | Noticed Sigmund
  3846 | D:3      | Noticed Natasha
  3876 | D:3      | Killed from afar by Natasha

Vanquished Creatures
  Ijyb (D:2)
  Jessica (D:2)
  5 adders
  A giant mite (D:3)
  4 giant geckos
  2 ball pythons
  11 bats
  3 giant cockroaches
  7 hobgoblins
  2 kobolds (D:1)
  An ooze (D:1)
  A quokka (D:3)
  7 giant newts
  11 goblins
  8 jackals
  5 rats
70 creatures vanquished.
